 Dungeon Crawl Stone Soup version 0.30-a0-743-gbfdf073431 (webtiles) character file.

Game seed: 15522491110497980630

169 sircluck the Shooter (level 5, -2/26 HPs)
             Began as a Spriggan Hunter on Feb 7, 2023.
             Slain by a gnoll
             ... wielding a +0 spear
             ... led by a gnoll bouda
              (5 damage)
             ... on level 4 of the Dungeon.
             The game lasted 00:05:04 (2781 turns).

sircluck the Shooter (Spriggan Hunter)              Turns: 2781, Time: 00:05:05

Health: -2/26      AC:  2    Str:  7    XL:     5   Next: 25%
Magic:  6/6        EV: 18    Int: 11    God:
Gold:   136        SH:  0    Dex: 20    Spells: 4/4 levels left

rFire   . . .      SeeInvis +    a - +0 shortbow
rCold   . . .      Faith    .    (shield currently unavailable)
rNeg    . . .      Spirit   .    c - +0 robe
rPois   .          Reflect  .    (helmet restricted)
rElec   .          Harm     .    (no cloak)
rCorr   .          Rampage  .    (gloves unavailable)
Will    .....                    (boots unavailable)
Stlth   ++                       (no amulet)
HPRegen 0.24/turn                (no ring)
MPRegen 0.10/turn                (no ring)

@: very quick
A: very small, no large weapons, unfitting armour, see invisible, speed 3
a: no special abilities


You were on level 4 of the Dungeon.
You visited 1 branch of the dungeon, and saw 4 of its levels.

You collected 136 gold pieces.

Inventory:

Hand Weapons
 a - a +0 shortbow (weapon)
 o - a +1 hand axe of freezing
 s - the +1 whip of Terror {heavy, Will- Int+3 Stlth+}
   (You found it on level 3 of the Dungeon)

   Int:       It affects your intelligence (+3).
   Will:      It decreases your willpower.
   Stlth:     It makes you more stealthy.
Missiles
 f - 34 stones
 g - 11 poisoned darts
 i - 5 datura-tipped darts
 w - 3 boomerangs
Armour
 c - a +0 robe (worn)
Magical Staves
 v - a staff of earth
Jewellery
 k - a +6 ring of dexterity
Wands
 q - a wand of roots (5)
Scrolls
 b - 2 scrolls of immolation
 e - a scroll of vulnerability {unknown}
 h - 2 scrolls of teleportation {unknown}
 j - a scroll of identify {unknown}
 l - a scroll of enchant armour {unknown}
 m - a scroll of blinking {unknown}
 n - a scroll of silence {unknown}
 p - a scroll of fear {unknown}
Potions
 d - 2 potions of curing {unknown}
 r - a potion of mutation {unknown}
 t - 2 potions of magic {unknown}
 u - 2 potions of brilliance {unknown}


   Skills:
 + Level 2.1 Fighting
 + Level 6.2 Ranged Weapons
 + Level 3.1 Dodging
 + Level 1.8 Stealth


You had 4 spell levels left.
You didn't know any spells.
Your spell library contained the following spells:

 Spells                   Type           Power      Damage    Failure   Level
 Apportation              Tloc           0%         N/A       34%         1
 Shock                    Conj/Air       0%         1d3       34%         1
 Swiftness                Air            0%         N/A       71%         3
 Airstrike                Air            0%         2d(0-16)  98%         4
 Alistair's Intoxication  Tmut/Pois      0%         N/A       100%        5


Dungeon Overview and Level Annotations

Branches:
Dungeon (4/15)
 Temple: D:4-7

Altars:
Ru
Xom


Innate Abilities, Weirdness & Mutations

You are very small and have problems with some larger weapons.
You are too small for most types of armour.
You have supernaturally acute eyesight. (SInv)
You cover ground extremely quickly. (Speed+++)


Message History

The gnolls pick up the pace!
You hear an angry hiss.
Fire: a) +0 shortbow
Press: ? - help, Q - select action, (/) - cycle Shift-Dir - straight line, f/p - gnoll
Aim: a gnoll, wielding a +0 club (severely wounded, covering ground quickly, 69% to hit)
You shoot an arrow. The arrow hits the gnoll!
You kill the gnoll!
Fire: a) +0 shortbow
Press: ? - help, Q - select action, (/) - cycle Shift-Dir - straight line, f - gnoll
Aim: a gnoll, wielding a +0 club (covering ground quickly, 69% to hit)
You shoot an arrow. The arrow hits the gnoll!
The gnoll is almost dead.
The gnoll hits you with a +0 club.
The gnoll bouda barks out a call to the hunt!
The gnoll picks up the pace!
Fire: a) +0 shortbow
Press: ? - help, Q - select action, (/) - cycle Shift-Dir - straight line, f/p - gnoll
Aim: a gnoll, wielding a +0 club (almost dead, covering ground quickly, 69% to hit)
You shoot an arrow. The arrow hits the gnoll.
You kill the gnoll!
The gnoll hits you from afar with a +0 spear.
* * * LOW HITPOINT WARNING * * *
The gnoll bouda gazes fiercely through you!
You feel your attacks grow feeble.
You are too injured to fight recklessly!
Fire: a) +0 shortbow
Press: ? - help, Q - select action, (/) - cycle Shift-Dir - straight line, f - gnoll
Aim: a gnoll, wielding a +0 spear (covering ground quickly, 69% to hit)
You shoot an arrow. The arrow hits the gnoll!
The gnoll is severely wounded.
Fire: a) +0 shortbow
Press: ? - help, Q - select action, (/) - cycle Shift-Dir - straight line, f/p - gnoll
Aim: a gnoll, wielding a +0 spear (severely wounded, covering ground quickly, 69% to hit)
You shoot an arrow. The arrow hits the gnoll.
The gnoll is almost dead.
Your attacks no longer feel as feeble.
The gnoll hits you from afar with a +0 spear.
* * * LOW HITPOINT WARNING * * *
The gnoll hits you from afar with a +0 spear.
You die...

###.## ... #...g#
.... ## ##..##
##.....
##..##.S.#.....#..
#........#....####
###.##......#
####.g...##
#....#### ##..@#
#####


You could see a gnoll bouda, a gnoll (swift) and an adder.

Vanquished Creatures
  A hound (D:4)
  Ijyb (D:3)
  2 gnolls (D:4)
  3 adders
  2 dart slugs
  2 orcs
  5 ball pythons
  4 endoplasms
  4 giant cockroaches
  8 goblins
  4 hobgoblins
  7 jackals
  4 quokkas
  4 bats
  2 frilled lizards
  3 kobolds
  5 rats
61 creatures vanquished.

Notes
Turn   | Place    | Note
-------+----------+-------------------------------------------
     0 | D:1      | sircluck the Spriggan Hunter began the quest for the Orb.
     0 | D:1      | Reached XP level 1. HP: 10/10 MP: 2/2
   157 | D:1      | Found a faded altar of an unknown god.
   212 | D:1      | Reached XP level 2. HP: 10/14 MP: 3/3
   931 | D:2      | Reached XP level 3. HP: 17/18 MP: 4/4
  1316 | D:2      | Reached skill level 5 in Ranged Weapons
  2017 | D:3      | Reached XP level 4. HP: 21/23 MP: 5/5
  2084 | D:3      | Noticed Ijyb
  2101 | D:3      | Killed Ijyb
  2205 | D:3      | Identified the +1 whip of Terror {heavy, Will- Int+3
                  | Stlth+}
  2237 | D:3      | Found a shimmering altar of Xom.
  2246 | D:3      | Found a sacrificial altar of Ru.
  2763 | D:4      | Reached skill level 6 in Ranged Weapons
  2763 | D:4      | Reached XP level 5. HP: 13/26 MP: 6/6
  2781 | D:4      | Slain by a gnoll

Illustrated notes

Levels and vault maps discovered:
D:1:      minmay_arrival_split_and_join, layout_loops_ring,
          shapermc_ecumenical_altar_petra
D:2:      layout_loops_corners, amcnicky_mini_rare_corridor_liquid
D:3:      layout_basic, mainiacjoe_overflow_large_starburst,
          kennysheep_another_room, uniq_ijyb
D:4:      layout_cave_pools, uniq_edmund, uniq_eustachio

Skill      XL: |  1  2  3  4 |
---------------+-------------+-----
Dodging        | 3 |  3.1
Ranged Weapons | 5 6 |  6.2
Fighting       | 2 |  2.1
Stealth        | |  1.8

Action                     |  1- 3 |  4- 6 || total
---------------------------+-------+-------++-------
   Fire: Shortbow          |   105 |    49 ||   154
 Armour: Robe              |     9 |     2 ||    11
  Dodge: Dodged            |    36 |    14 ||    50

Table legend: (Time is in decaauts)
 A = Elapsed time spent in this place.
 B = Non-inter-level travel time spent in this place.
 C = Inter-level travel time spent in this place.
 D = Time resting spent in this place.
 E = Time spent auto-exploring this place.
 F = Levels seen in this place.
 G = Mean time per level.
                   A        B        C        D        E       F      G
               +--------+--------+--------+--------+--------+-----+--------+
         Total |   1853 |   1736 |    117 |     42 |   1355 |   4 |  463.2 |
       Dungeon |   1853 |   1736 |    117 |     42 |   1355 |   4 |  463.2 |
               +--------+--------+--------+--------+--------+-----+--------+

Top non-repeatable levels by time:
     D:2: 641 daAuts
     D:1: 601 daAuts
     D:3: 550 daAuts
     D:4: 61 daAuts
